 Dungeon Crawl Stone Soup version 0.30-a0-210-g01b79a254e (webtiles) character file.

Game seed: 13049268436711223990

602 Sweetruy1997 the Chopper (level 7, 0/54 HPs)
             Began as a Demonspawn Chaos Knight on Oct 5, 2022.
             Was a Plaything of Xom.
             Slain by an orc
             ... wielding a +0 hand axe
              (3 damage)
             ... on level 4 of the Dungeon.
             The game lasted 00:08:45 (2623 turns).

Sweetruy1997 the Chopper (Demonspawn Chaos Knight)  Turns: 2623, Time: 00:08:45

Health: 0/54       AC:  5    Str: 12    XL:     7   Next: 18%
Magic:  0/7        EV: 11    Int: 17    God:    Xom [.*....]
Gold:   161        SH:  0    Dex: 13    Spells: 4/6 levels left

rFire   . . .      SeeInvis .    a - +2 hand axe (chaos)
rCold   + . .      Faith    .    (no shield)
rNeg    . . .      Spirit   +    b - +2 leather armour
rPois   .          Reflect  .    (helmet restricted)
rElec   .          Harm     .    (no cloak)
rCorr   .          Rampage  .    (no gloves)
Will    .....      Clarity  +    (no boots)
Stlth   ++........               (no amulet)
HPRegen 0.29/turn                (no ring)
MPRegen 0.20/turn                (no ring)

@: attractive
A: antennae 2, magic shield, magic regeneration, condensation shield, clarity,
clever 1, cold resistance 1, roll 1
a: Renounce Religion


You were on level 4 of the Dungeon.
You worshipped Xom.
You were a plaything of Xom.
You visited 1 branch of the dungeon, and saw 4 of its levels.

You collected 161 gold pieces.

Inventory:

Hand Weapons
 a - a +2 hand axe of chaos (weapon)
Missiles
 u - 2 boomerangs (quivered)
Armour
 b - a +2 leather armour (worn)
Scrolls
 g - 2 scrolls of enchant armour {unknown}
 h - a scroll of poison {unknown}
 k - a scroll of amnesia
 l - a scroll of teleportation {unknown}
 o - a scroll of magic mapping {unknown}
 v - a scroll of blinking {unknown}
Potions
 d - a potion of lignification
 e - a potion of attraction
 f - a potion of invisibility {unknown}
 i - 2 potions of heal wounds {unknown}
 j - a potion of haste {unknown}
 m - a potion of ambrosia {unknown}
 n - 4 potions of curing {unknown}
 r - a potion of flight {unknown}
 s - a potion of degeneration {unknown}
 t - a potion of cancellation {unknown}
 w - a potion of brilliance {unknown}
Miscellaneous
 c - a piece from Xom's chessboard (10/15)


   Skills:
 - Level 4.0 Fighting
 + Level 5.2 Axes
 + Level 0.3 Throwing
 - Level 2.0 Armour
 - Level 1.0 Dodging
 + Level 3.7 Stealth
 + Level 0.1 Shields
 + Level 0.1 Spellcasting
 + Level 0.1 Hexes
 + Level 0.1 Ice Magic
 + Level 2.7 Evocations


You had 4 spell levels left.
You knew the following spells:

 Your Spells              Type           Power      Damage    Failure   Level
a - Ensorcelled Hibernat  Hex/Ice        0%         N/A       41%         2

Your spell library contained the following spells:

 Spells                   Type           Power      Damage    Failure   Level
 Gell's Gravitas          Tloc           0%         N/A       65%         3
 Lesser Beckoning         Tloc           0%         N/A       65%         3
 Spider Form              Tmut/Pois      0%         N/A       65%         3
 Teleport Other           Tloc           0%         N/A       65%         3
 Anguish                  Hex/Necr       0%         N/A       96%         4


Dungeon Overview and Level Annotations

Branches:
Dungeon (4/15)
 Temple: D:4-7

Altars:
Fedhas


Innate Abilities, Weirdness & Mutations

You have a pair of antennae on your head.
When hurt, damage is shared between your health and your magic reserves.
You regenerate magic rapidly.
A meltable shield of frost defends you. (SH +0)
You possess an exceptional clarity of mind.
Your mind is acute. (Int +4, Str/Dex -1)
Your flesh is cold resistant. (rC+)
You can roll at nearby foes to attack.


Message History

* * * LOW HITPOINT WARNING * * *
You emit a cloud of colourful smoke!
It was a potion of attraction.
You feel attractive to monsters. Something hits you but does no damage.
You hit something. You freeze something.
You hear some strange, mumbled words.
A puff of flame appears from out of thin air!
The puff of flame hits you.
* * * LOW HITPOINT WARNING * * *
You hit something. Something hits you.
* * * LOW HITPOINT WARNING * * *
You closely miss something. Something hits you but does no damage.
You closely miss something. Something hits you but does no damage.
You miss something.
You hear some strange, mumbled words.
A puff of flame appears from out of thin air!
The puff of flame hits you.
* * * LOW HITPOINT WARNING * * *
You slash something!
Reactivating autopickup.
You feel a bit more experienced.
You hit the goblin.
You kill the goblin!
You hit the orc. You burn the orc.
The orc is almost dead.
The orc barely misses you.
You barely miss the orc.
The orc is almost dead.
The orc hits you with a +0 hand axe.
* * * LOW HITPOINT WARNING * * *
You barely miss the orc.
The orc is almost dead.
The orc hits you with a +0 hand axe.
* * * LOW HITPOINT WARNING * * *
You barely miss the orc.
The orc is almost dead.
The orc hits you with a +0 hand axe.
You die... "I guess I need a new plaything now."

. .. ..###
###..##.# ..
.......# # ...
#..#..####.#
..#
###..#........
.
#............o
#○.#......?.
#°##.#.##..#
#@o.........
####.#.##..#
#.#.# .. #.# #
# ... #.# #.#
.#


You could see an orc.

Vanquished Creatures
  A phantom (D:4)
  An orc wizard (D:4)
  4 gnolls (D:3)
  2 worms (D:3)
  3 dart slugs
  3 orcs
  5 ball pythons
  4 endoplasms
  3 giant cockroaches (D:1)
  7 goblins
  10 hobgoblins
  5 kobolds
  5 quokkas
  4 bats
  2 frilled lizards
  3 rats (D:1)
62 creatures vanquished.

Vanquished Creatures (collateral kills)
  A water nymph (shapeshifter) (D:3)
  3 gnolls (D:2)
  3 adders (D:3)
  A worm (D:3)
  3 orcs (D:3)
  An endoplasm (D:3)
  A hobgoblin (D:3)
  A jackal (D:3)
  A kobold (D:3)
  A quokka (D:3)
  A frilled lizard (D:3)
  A rat (D:3)
18 creatures vanquished.

Vanquished Creatures (others)
  A fungus (D:1)
  2 plants (D:3)
3 creatures vanquished.

Grand Total: 83 creatures vanquished

Notes
Turn   | Place    | Note
-------+----------+-------------------------------------------
     0 | D:1      | Sweetruy1997 the Demonspawn Chaos Knight began the quest
                  | for the Orb.
     0 | D:1      | Reached XP level 1. HP: 18/18 MP: 1/1
   191 | D:1      | XOM: silly message
   218 | D:1      | Reached skill level 3 in Axes
   223 | D:1      | Gained mutation: You have a pair of small antennae on your
                  | head. [demonic ancestry]
   223 | D:1      | Reached XP level 2. HP: 22/24 MP: 2/2
   479 | D:1      | Reached skill level 1 in Dodging
   513 | D:1      | Gained mutation: You regenerate magic rapidly. [demonic
                  | ancestry]
   513 | D:1      | Reached XP level 3. HP: 29/29 MP: 3/3
   577 | D:1      | You fall into a shaft and drop 1 floor!
   754 | D:1      | XOM: 1-stop teleportation journey
   758 | D:1      | Learned a level 2 spell: Ensorcelled Hibernation
  1127 | D:2      | XOM: 2-stop teleportation journey
  1140 | D:2      | XOM: cast spell 'Summon Mana Viper'
  1146 | D:2      | Reached skill level 1 in Stealth
  1149 | D:2      | Gained mutation: You have a pair of antennae on your head.
                  | [demonic ancestry]
  1149 | D:2      | Reached XP level 4. HP: 14/35 MP: 4/4
  1319 | D:2      | XOM: 1-stop teleportation journey
  1623 | D:2      | XOM: give mutations
  1623 | D:2      | Gained mutation: You can roll at nearby foes to attack.
                  | [Xom's grace]
  1623 | D:2      | Gained mutation: Your mind is acute. (Int +4, Str/Dex -1)
                  | [Xom's grace]
  1623 | D:2      | Gained mutation: You possess an exceptional clarity of
                  | mind. [Xom's grace]
  1623 | D:2      | Gained mutation: Your flesh is cold resistant. (rC+) [Xom's
                  | grace]
  1763 | D:3      | Reached skill level 1 in Evocations
  1791 | D:3      | a ball python changed into a glowing shapeshifter
  1791 | D:3      | Noticed a glowing shapeshifter (glowing shapeshifter)
  1791 | D:3      | a glowing shapeshifter changed into a snapping turtle
  1791 | D:3      | Noticed a snapping turtle (glowing shapeshifter)
  1792 | D:3      | a snapping turtle changed into a shining eye
  1792 | D:3      | Noticed a shining eye (glowing shapeshifter)
  1797 | D:3      | a shining eye changed into a water nymph
  1797 | D:3      | Noticed a water nymph (glowing shapeshifter)
  1798 | D:3      | XOM: noise
  1799 | D:3      | Killed a water nymph
  1800 | D:3      | Reached skill level 4 in Axes
  1800 | D:3      | Reached XP level 5. HP: 42/42 MP: 5/5
  1800 | D:3      | Gained mutation: A meltable shield of frost defends you.
                  | (SH +0) [demonic ancestry]
  1800 | D:3      | Reached XP level 6. HP: 48/48 MP: 6/6
  2150 | D:3      | XOM: scenery: summon butterflies
  2282 | D:3      | Found a blossoming altar of Fedhas.
  2337 | D:3      | Found a faded altar of an unknown god.
  2489 | D:4      | XOM: 3-stop teleportation journey
  2509 | D:4      | XOM: fog
  2539 | D:4      | XOM: enchant monster (good)
  2541 | D:4      | Reached skill level 5 in Axes
  2541 | D:4      | Gained mutation: When hurt, damage is shared between your
                  | health and your magic reserves. [demonic ancestry]
  2541 | D:4      | Reached XP level 7. HP: 10/54 MP: 7/7
  2592 | D:4      | XOM: 2-stop teleportation journey
  2611 | D:4      | XOM: smoke on damage
  2623 | D:4      | Slain by an orc

Illustrated notes

Levels and vault maps discovered:
D:1:      dpeg_cavernosity, layout_loops_ring
D:2:      layout_loops_ring
D:3:      layout_rooms, fedhas_altar_3, dreamdust_ecumenical_altar_grove,
          serial_bayou, serial_bayou_pond_b, serial_bayou_pond_d,
          serial_bayou_pond_e, serial_bayou_crossing, st_stairs_11
D:4:      layout_basic, mainiacjoe_overflow_24_doors,
          chequers_temple_overflow_statue_of_worship

Skill      XL: |  1  2  3  4  5  6 |
---------------+-------------------+-----
Axes           | 3 4 5 |  5.2
Dodging        | 1 |  1.0
Armour         | 2 |  2.0
Stealth        | 1 3 |  3.7
Evocations     | 2 |  2.7
Fighting       | 4 |  4.0
Throwing       | |  0.3
Shields        | |  0.1
Spellcasting   | |  0.1
Hexes          | |  0.1
Ice Magic      | |  0.1

Action                   |  1- 3 |  4- 6 |  7- 9 || total
-------------------------+-------+-------+-------++-------
Melee: Hand axe          |   104 |    83 |    18 ||   205
       Punch             |     2 |     1 |     1 ||     4
Throw: Boomerang         |       |    11 |     6 ||    17
 Cast: Ensorcelled Hiber |       |     3 |       ||     3
Evoke: Piece from Xom's  |    11 |    15 |       ||    26
  Use: Scroll            |       |     5 |       ||     5
       Potion            |       |     1 |     1 ||     2
 Stab: Petrified         |     3 |     1 |       ||     4
       Petrifying        |     3 |       |       ||     3
       Confused          |     1 |       |       ||     1
       Paralysed         |       |     5 |       ||     5
       Sleeping          |       |     2 |       ||     2
Armor: Leather armour    |    34 |    25 |     5 ||    64
       Skin              |       |    15 |       ||    15
Dodge: Dodged            |    52 |    30 |     1 ||    83
Block: Other             |       |     7 |     1 ||     8

Table legend: (Time is in decaauts)
 A = Elapsed time spent in this place.
 B = Non-inter-level travel time spent in this place.
 C = Inter-level travel time spent in this place.
 D = Time resting spent in this place.
 E = Time spent auto-exploring this place.
 F = Levels seen in this place.
 G = Mean time per level.
                   A        B        C        D        E       F      G
               +--------+--------+--------+--------+--------+-----+--------+
         Total |   2664 |   2581 |     83 |     52 |   1949 |   4 |  666.0 |
       Dungeon |   2664 |   2581 |     83 |     52 |   1949 |   4 |  666.0 |
               +--------+--------+--------+--------+--------+-----+--------+

Top non-repeatable levels by time:
     D:1: 1063 daAuts
     D:3: 741 daAuts
     D:2: 715 daAuts
     D:4: 143 daAuts
